 Dungeon Crawl Stone Soup version 0.19.0-9-gfd783f2 (webtiles) character file.

4223 Gingerlord the Skirmisher (level 10, -4/85 (86) HPs)
             Began as a Ghoul Monk on Nov 7, 2016.
             Was a Priest of Makhleb.
             Slain by Snorg (22 damage)
             ... on level 10 of the Dungeon.
             The game lasted 00:19:30 (7536 turns).

Gingerlord the Skirmisher (Ghoul Monk)              Turns: 7536, Time: 00:19:30

HP:   -4/85 (86)    AC: 16    Str: 21    XL:     10   Next: 30%
MP:   11/11         EV: 18    Int:  5    God:    Makhleb [***...]
Gold: 217           SH:  0    Dex: 11    Spells: 0 memorised, 9 levels left

rFire  + . .     SeeInvis .     E - +7 lajatang of Order {silver, rMut}
rCold  + . .     Gourm    .     H - +3 scale mail
rNeg   + + +     Faith    +     (shield currently unavailable)
rPois  ∞         Spirit   .     A - +2 hat
rElec  .         Reflect  .     p - +0 cloak
rCorr  .         Harm     .     C - +0 pair of gloves
rMut   +                        k - +0 pair of boots
MR     .....                    M - amulet of faith
Stlth  ..........               y - ring "Tel Nama" {+Blink +Fly rF+ Str+2}
                                n - +5 ring of evasion

@: rotting
A: rotting body, claws 1, carnivore 3, cold resistance 1, negative energy
resistance 3, slow regeneration 1, torment resistance, unbreathing
a: Minor Destruction, Lesser Servant of Makhleb, Renounce Religion, Evoke Blink,
Evoke Flight


You were on level 10 of the Dungeon.
You worshipped Makhleb.
Makhleb was most pleased with you.
You were not hungry.

You visited 2 branches of the dungeon, and saw 11 of its levels.

You collected 530 gold pieces.
You spent 313 gold pieces at shops.

Inventory:

Hand Weapons
 E - the +7 lajatang of Order (weapon) {silver, rMut}
   (You found it on level 5 of the Dungeon)

   It protects you from mutation.
Armour
 k - a +0 pair of boots (worn)
 p - a +0 cloak (worn)
 A - a +2 hat (worn)
 C - a +0 pair of gloves (worn)
 H - a +3 scale mail (worn)
Jewellery
 n - a +5 ring of evasion (left hand)
 y - the ring "Tel Nama" (right hand) {+Blink +Fly rF+ Str+2}
   (You found it on level 4 of the Dungeon)

   [ring of protection from fire]

   It affects your strength (+2).
   It protects you from fire.
   It lets you fly.
   It lets you blink.
 B - an uncursed ring of resist corrosion
 M - an amulet of faith (around neck)
Wands
 j - a wand of lightning (3/15)
 s - a wand of heal wounds (9/9)
 G - a wand of iceblast (8/15)
Scrolls
 d - a scroll of blinking
 g - 7 scrolls of teleportation
 i - a scroll of enchant weapon
 l - a scroll of enchant armour
 m - 2 scrolls of remove curse
 o - 2 scrolls of magic mapping {unknown}
 q - 2 scrolls of amnesia
 v - a scroll of fear
 w - 2 scrolls of recharging
 x - 4 scrolls of immolation
 F - a scroll of fog
Potions
 e - 3 potions of curing
 f - 2 potions of agility
 h - 2 potions of mutation
 r - 3 potions of brilliance
 t - 2 potions of flight
 u - a potion of magic
 z - a potion of ambrosia
 D - a potion of might
 I - 2 potions of invisibility
Comestibles
 a - a royal jelly
 b - 10 meat rations
 c - 2 chunks of flesh
 K - a beef jerky


   Skills:
 + Level 7.4 Fighting
 * Level 6.0 Staves
 + Level 5.4 Armour
 + Level 6.4 Dodging
 - Level 2.1 Stealth
   Level 3.9 Shields
 - Level 5.7 Unarmed Combat
 + Level 3.8 Invocations


You had 9 spell levels left.
You didn't know any spells.

Dungeon Overview and Level Annotations

Branches:
Dungeon (10/15)            Temple (1/1) D:5
   Lair: D:8-11         Orc: D:9-12

Altars:
Ashenzari
Cheibriados
Dithmenos
Elyvilon
Fedhas
Gozag
Hepliaklqana
Kikubaaqudgha
Makhleb
Nemelex Xobeh
Okawaru
Qazlal
Ru
Sif Muna
Trog
Uskayaw
Vehumet
Xom
Yredelemnul
Zin
The Shining One

Shops:
D:5 (*%   D:6 ?   D:8 :

Annotations:
D:10 Snorg


Innate Abilities, Weirdness & Mutations

Your body is rotting away.
You thrive on raw meat.
You are immune to poison.
You have sharp fingernails.
You are carnivorous and can eat meat at any time.
Your flesh is cold resistant. (rC+)
You are immune to negative energy. (rN+++)
You regenerate slowly when monsters are visible.
You are immune to unholy pain and torment.
You can survive without breathing.


Message History

Snorg barely misses you. Snorg claws you. Snorg claws you!
You closely miss Snorg.
Snorg is almost dead.
Snorg bites you! Snorg claws you but does no damage. x2
Snorg closely misses you. x3
You barely miss Snorg.
Snorg is severely wounded.
Snorg misses you. Snorg claws you but does no damage.
Snorg completely misses you.
You hit Snorg.
Snorg is almost dead.
Snorg misses you. Snorg claws you. Snorg claws you! Snorg misses you.
Snorg claws you!
* * * LOW HITPOINT WARNING * * *
Snorg claws you but does no damage.
Unknown command.
Okay, then.
A demon appears!
Snorg closely misses you. Snorg completely misses you. Snorg barely misses you.
Snorg bites you!!
You die...

#######........#
...............#
#######........#
#........####.#
#.............#
#######.#.####
#...## #..#3.##
#.###@.# ...
##T# .### S.. ..
##... . . .....
... #..# ... ?..
#.. ..


You could see Snorg (berserk), an adder and a friendly smoke demon.

Vanquished Creatures
  Joseph (D:10)
  2 two-headed ogres
  An ice beast (D:9)
  2 orc warriors
  2 black bears (D:8)
  2 sky beasts
  2 phantoms
  A necrophage (D:6)
  2 centaurs
  4 ogres
  A crocodile (D:8)
  5 bullfrogs
  2 scorpions
  4 wights (D:9)
  5 howler monkeys
  A centaur zombie (D:6)
  2 bullfrog zombies
  2 crimson imps (D:7)
  3 jellies
  4 hounds
  3 orc priests
  9 orc wizards
  An iguana (D:8)
  8 worker ants
  A hound zombie (D:5)
  2 worker ant zombies
  9 adders
  6 gnolls
  3 shadow imps
  An ooze (D:2)
  An adder zombie (D:5)
  5 leopard geckos
  26 orcs
  5 giant cockroaches
  12 goblins
  5 hobgoblins
  20 jackals
  2 quokkas
  4 ball pythons
  3 bats
  4 frilled lizards
  2 kobolds (D:2)
  A leopard gecko skeleton (D:5)
  A quokka skeleton (D:8)
  3 rats
185 creatures vanquished.

Notes
Turn   | Place    | Note
-------+----------+-------------------------------------------
     0 | D:1      | Gingerlord the Ghoul Monk began the quest for the Orb.
     0 | D:1      | Reached XP level 1. HP: 19/19 MP: 0/0
   517 | D:2      | Reached XP level 2. HP: 26/26 MP: 1/1
   536 | D:2      | Found a faded altar of an unknown god.
   725 | D:2      | Found an ancient bone altar of Kikubaaqudgha.
  1096 | D:2      | Found a hazy altar of Hepliaklqana.
  1187 | D:2      | Reached XP level 3. HP: 30/30 MP: 2/2
  1392 | D:3      | Reached skill level 1 in Armour
  1568 | D:3      | Reached XP level 4. HP: 39/40 MP: 3/3
  1683 | D:3      | Reached skill level 1 in Shields
  1909 | D:3      | Reached skill level 4 in Fighting
  1909 | D:3      | Reached XP level 5. HP: 25/46 MP: 4/4
  2018 | D:4      | Got a fine brass ring
  2094 | D:4      | Noticed an ogre
  2109 | D:4      | Killed an ogre
  2109 | D:4      | Reached XP level 6. HP: 11/53 MP: 5/5
  2233 | D:4      | Identified the ring "Tel Nama" {+Blink +Fly rF+ Str+2} (You found it on level 4 of the Dungeon)
  2260 | D:4      | Found a deep blue altar of Sif Muna.
  2444 | D:4      | Reached XP level 7. HP: 38/60 MP: 6/6
  2678 | D:4      | Reached skill level 5 in Unarmed Combat
  3177 | D:4      | Reached skill level 5 in Fighting
  3224 | D:5      | Entered Level 5 of the Dungeon
  3305 | D:5      | Found Japse's Food Emporium.
  3312 | D:5      | Bought a meat ration for 55 gold pieces
  3312 | D:5      | Bought a meat ration for 55 gold pieces
  3312 | D:5      | Bought a meat ration for 55 gold pieces
  3404 | D:5      | Found a staircase to the Ecumenical Temple.
  3449 | D:5      | Found Daaloerr's Assorted Antiques.
  3466 | D:5      | Bought a potion of might for 104 gold pieces
  3581 | D:5      | Found Xixiceac's Weapon Shoppe.
  3688 | D:5      | Reached XP level 8. HP: 60/68 MP: 7/7
  4079 | D:5      | Reached skill level 1 in Staves
  4194 | D:5      | Reached skill level 6 in Fighting
  4194 | D:5      | Reached skill level 5 in Dodging
  4463 | D:6      | Reached XP level 9. HP: 66/77 MP: 8/8
  4650 | D:6      | Found Jifeneiff's Magic Scroll Boutique.
  4656 | D:6      | Bought a scroll of identify for 22 gold pieces
  4656 | D:6      | Bought a scroll of identify for 22 gold pieces
  4942 | D:7      | Found an iron altar of Okawaru.
  5052 | Temple   | Entered the Ecumenical Temple
  5140 | Temple   | Became a worshipper of Makhleb the Destroyer
  5140 | Temple   | Reached * piety under Makhleb
  5140 | Temple   | Reached ** piety under Makhleb
  5382 | D:7      | Reached skill level 1 in Invocations
  5506 | D:7      | Found a shadowy altar of Dithmenos.
  5550 | D:7      | Found a hide-covered altar of Uskayaw.
  5717 | D:8      | Found Aruxics's Book Boutique.
  5802 | D:8      | Noticed Joseph
  6485 | D:9      | Found a shattered altar of Ashenzari.
  6485 | D:9      | Found a basalt altar of Yredelemnul.
  6486 | D:9      | Found a blossoming altar of Fedhas.
  6710 | D:8      | Noticed a two-headed ogre
  6722 | D:8      | Killed a two-headed ogre
  6722 | D:8      | Reached skill level 7 in Fighting
  6722 | D:8      | Reached skill level 5 in Staves
  6749 | D:8      | Reached skill level 5 in Armour
  6815 | D:8      | Reached XP level 10. HP: 70/86 MP: 11/11
  6868 | D:8      | Found a shimmering altar of Xom.
  7449 | D:10     | Entered Level 10 of the Dungeon
  7460 | D:10     | Killed Joseph
  7487 | D:10     | Reached *** piety under Makhleb
  7523 | D:10     | Noticed Snorg
  7536 | D:10     | Slain by Snorg

Skill      XL: |  1  2  3  4  5  6  7  8  9 10 |
---------------+-------------------------------+-----
Dodging        | 3 4 5 6 |  6.4
Armour         | 1 2 3 4 5 |  5.4
Shields        | 1 2 3 |  3.9
Fighting       | 4 5 6 7 |  7.4
Unarmed Combat | 4 5 |  5.7
Staves         | 2 5 6 |  6.0
Invocations    | 3 |  3.8
Stealth        | |  2.1

Action                   |  1- 3 |  4- 6 |  7- 9 | 10-12 || total
-------------------------+-------+-------+-------+-------++-------
Melee: Unarmed           |   116 |   133 |   162 |       ||   411
       Punch             |     2 |     2 |     4 |       ||     8
       Lajatang          |       |       |   242 |    45 ||   287
Invok: Lesser Servant of |       |       |       |     1 ||     1
  Use: Scroll            |     4 |       |    18 |       ||    22
       Potion            |       |     2 |       |       ||     2
 Stab: Sleeping          |     4 |       |     1 |       ||     5
  Eat: Chunk             |     9 |    16 |    22 |     3 ||    50
Armor: Robe              |     1 |       |       |       ||     1
       Ring mail         |    63 |    47 |    85 |       ||   195
       Scale mail        |       |       |    71 |    20 ||    91
Dodge: Dodged            |    99 |    94 |   255 |    53 ||   501
